 Dungeon Crawl Stone Soup version 0.30-a0-824-g6c64550be9 (webtiles) character file.

Game seed: 11851801214318709290

32 Pimp the Trooper (level 3, -3/28 (29) HPs)
             Began as a Demonspawn Berserker on Feb 27, 2023.
             Was a Believer of Trog.
             Killed from afar by Natasha (6 damage)
             ... with a magic dart
             ... on level 2 of the Dungeon.
             The game lasted 00:02:12 (980 turns).

Pimp the Trooper (Demonspawn Berserker)              Turns: 980, Time: 00:02:13

HP:   -3/28 (29)    AC:  8    Str: 19    XL:     3   Next: 8%
MP:   3/3           EV:  8    Int:  8    God:    Trog [**....]
Gold: 55            SH:  4    Dex: 12    Spells: 2/2 levels left

rFire   + . .      SeeInvis .    a - +0 hand axe
rCold   . . .      Faith    .    (no shield)
rNeg    . . .      Spirit   .    j - +0 chain mail
rPois   .          Reflect  .    (no helmet)
rElec   .          Harm     .    (no cloak)
rCorr   .          Rampage  .    (no gloves)
Will    .....                    (no boots) Stlth
                                 (no amulet)
HPRegen 0.24/turn                f - ring of protection from fire
MPRegen 0.08/turn                o - ring of flight

@: flying, lightly drained
A: large bone plates 1
a: Renounce Religion, Berserk, Trog's Hand


You were on level 2 of the Dungeon.
You worshipped Trog.
Trog was pleased with you.
You visited 1 branch of the dungeon, and saw 2 of its levels.

You collected 55 gold pieces.

Inventory:

Hand Weapons
 a - a +0 hand axe (weapon)
Armour
 b - a +0 animal skin
 j - a +0 chain mail (worn)
Jewellery
 f - a ring of protection from fire (left hand)
 o - a ring of flight (right hand)
Scrolls
 d - 3 scrolls of identify {unknown}
 g - a scroll of enchant weapon {unknown}
 k - a scroll of teleportation {unknown}
 l - a scroll of fear {unknown}
Potions
 c - a potion of ambrosia {unknown}
 e - 2 potions of degeneration {unknown}
 h - 2 potions of lignification {unknown}
 i - a potion of curing {unknown}
 m - a potion of brilliance {unknown}
 n - a potion of might {unknown}
 p - a potion of attraction {unknown}


   Skills:
 + Level 3.3 Fighting
 + Level 3.0 Axes
 + Level 2.2 Armour
 + Level 2.2 Dodging


You had 2 spell levels left.
You didn't know any spells.
Your spell library was empty.

Dungeon Overview and Level Annotations

Branches:
Dungeon (2/15)

Altars:

Shops:
D:1 =

Annotations:
D:2 Natasha


Innate Abilities, Weirdness & Mutations

You are partially covered in large bone plates. (SH +4)


Message History

You destroy the ball python skeleton!
Trog accepts your kill.
The withered plant crumbles away.
The ball python skeleton barely misses you.
The ball python skeleton constricts you.
Natasha claws you!
You hit Natasha but do no damage.
Natasha is almost dead.
You hit the ball python skeleton.
You destroy the ball python skeleton!
Trog accepts your kill.
The shadow imp disappears in a puff of smoke!
Natasha claws you.
You hit Natasha.
Natasha is almost dead.
You hit the spectral quokka but do no damage.
You hit the ball python skeleton. The spectral quokka bites you.
You feel drained.
You block the ball python skeleton's attack.
The ball python skeleton grabs you.
The ball python skeleton constricts you.
Natasha stares at you and mumbles some strange words.
The magic dart hits you!
* * * LOW HITPOINT WARNING * * *
The spectral quokka bites you but does no damage.
You closely miss Natasha.
Natasha is almost dead.
You hit the spectral quokka. You hit the ball python skeleton.
You destroy the ball python skeleton!
Trog accepts your kill.
You can now call upon Trog for regeneration and willpower.
Natasha claws you but does no damage.
The spectral quokka bites you but does no damage.
You barely miss Natasha.
Natasha is almost dead.
You hit the adder skeleton. You hit the spectral quokka.
The spectral quokka barely misses you.
Natasha stares at you and mumbles some strange words.
The magic dart hits you.
You die...

#.# #.# ##### ...)8
######.###...#
♣♣P..Z
.....#.#.....##♣....
####.#........♣♣...
###..........#♣...♣
...†.#........♣...♣
..............♣ZhZ♣
......#.......♣.@.♣
.................♣♣
......#####.....♣♣
##.............##
#.............#
#############.# #.#
#.. #..


You could see a spectral quokka, Natasha and an adder skeleton.

Vanquished Creatures
  A dart slug (D:1)
  A bat zombie (D:2)
  2 endoplasms (D:1)
  A giant cockroach (D:1)
  4 hobgoblins (D:1)
  4 jackals (D:1)
  2 kobolds (D:1)
  A ball python (D:1)
  3 ball python skeletons (D:2)
  4 bats (D:1)
  5 frilled lizards
28 creatures vanquished.

Vanquished Creatures (others)
  10 withered plants (D:2)
10 creatures vanquished.

Grand Total: 38 creatures vanquished

Notes
Turn   | Place    | Note
-------+----------+-------------------------------------------
     0 | D:1      | Pimp the Demonspawn Berserker began the quest for the Orb.
     0 | D:1      | Reached XP level 1. HP: 18/18 MP: 1/1
   320 | D:1      | Gained mutation: You are partially covered in large bone
                  | plates. (SH +4) [demonic ancestry]
   320 | D:1      | Reached XP level 2. HP: 24/24 MP: 2/2
   680 | D:1      | Found Ciev's Jewellery Emporium.
   945 | D:2      | Reached XP level 3. HP: 27/29 MP: 3/3
   965 | D:2      | Noticed Natasha
   979 | D:2      | Reached ** piety under Trog
   980 | D:2      | Killed from afar by Natasha

Illustrated notes

Levels and vault maps discovered:
D:1:      evilmike_arrival_crescent, layout_loops_cross, serial_shops,
          nicolae_lakefront_shop, corexii_item_surrounded_by_moat,
          hangedman_decor_points
D:2:      minmay_door_path, layout_basic, serial_shops, shop, shop, shop, shop,
          nicolae_lakefront_shop, dilly_guarded_unrand_morg

Skill      XL: |  1  2 |
---------------+-------+-----
Armour         | 2 |  2.2
Dodging        | 2 |  2.2
Axes           | 3 |  3.0
Fighting       | |  3.3

Action                     || total
---------------------------++-------
  Melee: Hand axe          ||    93
 Armour: Animal skin       ||    17
         Chain mail        ||    38
  Dodge: Dodged            ||    69
  Block: Other             ||    14

Table legend: (Time is in decaauts)
 A = Elapsed time spent in this place.
 B = Non-inter-level travel time spent in this place.
 C = Inter-level travel time spent in this place.
 D = Time resting spent in this place.
 E = Time spent auto-exploring this place.
 F = Levels seen in this place.
 G = Mean time per level.
                   A        B        C        D        E       F      G
               +--------+--------+--------+--------+--------+-----+--------+
         Total |    994 |    971 |     23 |    147 |    575 |   2 |  497.0 |
       Dungeon |    994 |    971 |     23 |    147 |    575 |   2 |  497.0 |
               +--------+--------+--------+--------+--------+-----+--------+

Top non-repeatable levels by time:
     D:1: 949 daAuts
     D:2: 45 daAuts
